 Dungeon Crawl Stone Soup version 0.28.0-53-g5a82cb258f (webtiles) character file.

Game seed: 15999053112832278504

32 NotreDorf the Poker (level 3, -2/28 HPs)
             Began as a Merfolk Gladiator on May 22, 2022.
             Slain by a gnoll
             ... wielding a +0 flail
              (7 damage)
             ... on level 2 of the Dungeon.
             The game lasted 00:05:43 (1034 turns).

NotreDorf the Poker (Merfolk Gladiator)             Turns: 1034, Time: 00:05:43

Health: -2/28      AC:  5    Str: 14    XL:     3   Next: 27%
Magic:  4/4        EV: 13    Int:  7    God:
Gold:   8          SH:  0    Dex: 17    Spells: 3/3 levels left

rFire   . . .      SeeInvis .   a - +0 trident
rCold   . . .      Faith    .   (no shield)
rNeg    . . .      Spirit   .   b - +0 leather armour
rPois   .          Reflect  .   c - +0 helmet
rElec   .          Harm     .   j - +0 cloak
rCorr   .          Rampage  .   (no gloves)
Will    .....                   (no boots)
Stlth   ++........              (no amulet)
HPRegen 0.09/turn               (no ring)
MPRegen 0.09/turn               (no ring)

@: no status effects
A: (nimble swimmer 2), mertail
a: no special abilities


You were on level 2 of the Dungeon.
You visited 1 branch of the dungeon, and saw 2 of its levels.

You collected 8 gold pieces.

Inventory:

Hand Weapons
 a - a +0 trident (weapon)
Missiles
 d - 3 throwing nets (quivered)
Armour
 b - a +0 leather armour (worn)
 c - a +0 helmet (worn)
 j - a +0 cloak (worn)
Scrolls
 h - a scroll of identify {unknown}
 k - 2 scrolls of immolation {unknown}
Potions
 e - a potion of mutation {unknown}
 f - 2 potions of flight {unknown}
 g - a potion of attraction {unknown}
 i - a potion of heal wounds {unknown}


   Skills:
 + Level 2.6 Fighting
 + Level 4.8 Polearms
 - Level 2.0 Throwing
 + Level 4.3 Dodging
 + Level 1.2 Stealth
 + Level 0.9 Spellcasting


You had 3 spell levels left.
You didn't know any spells.
Your spell library contained the following spells:

 Spells                   Type           Power      Damage    Failure   Level
 Animate Skeleton         Necr           0%         N/A       50%         1
 Pain                     Necr           0%         1d4       50%         1
 Vampiric Draining        Necr           0%         2d6       86%         3


Dungeon Overview and Level Annotations

Branches:
Dungeon (2/15)

Altars:

Shops:
D:1 *


Innate Abilities, Weirdness & Mutations

((You are very nimble when in or above water. (Stealth+, EV+, Speed+++)))
Your lower body shifts to a powerful aquatic tail in water.


Message History

The gnoll shouts!
A gnoll comes into view. It is wielding a +0 flail.
The gnoll throws a throwing net.
The throwing net misses you.
A goblin comes into view. It is wielding a +0 dagger.
You reach to attack!
The goblin shouts!
The gnoll shouts!
You hit the gnoll.
The gnoll is moderately wounded.
The gnoll hits you but does no damage. The gnoll closely misses you.
You puncture the gnoll!
The gnoll is almost dead.
The gnoll hits you from afar with a +0 spear.
The gnoll closely misses you.
You closely miss the gnoll.
The gnoll is almost dead.
The gnoll closely misses you. The gnoll completely misses you.
The gnoll hits you from afar with a +0 spear.
You hit the gnoll.
You kill the gnoll!
The gnoll hits you from afar with a +0 spear!
* * * LOW HITPOINT WARNING * * *
You have reached level 3!
Your experience leads to an increase in your attributes!
Increase (S)trength, (I)ntelligence, or (D)exterity?
You feel agile. x2
Found a stone staircase leading down.
You barely miss the gnoll.
The gnoll hits you from afar with a +0 spear.
* * * LOW HITPOINT WARNING * * *
You puncture the gnoll!
The gnoll is heavily wounded.
The gnoll closely misses you. x2
You completely miss the gnoll.
The gnoll is heavily wounded.
The gnoll barely misses you. The gnoll misses you.
You hit the gnoll but do no damage.
The gnoll is heavily wounded.
The gnoll hits you with a +0 flail!
You die...

#. . .# >## . ##### ..# .#
......###.##### #.##
#..@g.....##g...
#####g###......#
###############.g.##......
.......<......###.#....#
#############.(...)....#
#####.#.##...# #...# #
...## #..##


You could see 2 gnolls and a goblin.

Vanquished Creatures
  A gnoll (D:2)
  A dart slug (D:1)
  2 ball pythons (D:1)
  2 endoplasms (D:1)
  A giant cockroach (D:1)
  2 goblins (D:1)
  2 hobgoblins (D:1)
  A quokka (D:1)
  3 kobolds (D:1)
  4 rats (D:1)
19 creatures vanquished.

Notes
Turn   | Place    | Note
-------+----------+-------------------------------------------
     0 | D:1      | NotreDorf the Merfolk Gladiator began the quest for the
                  | Orb.
     0 | D:1      | Reached XP level 1. HP: 16/16 MP: 1/1
   124 | D:1      | Reached XP level 2. HP: 23/23 MP: 2/2
   394 | D:1      | Found a faded altar of an unknown god.
   446 | D:1      | Reached skill level 1 in Stealth
   624 | D:1      | Found Caro Dah's Assorted Antiques.
  1027 | D:2      | Reached XP level 3. HP: 8/28 MP: 4/4
  1034 | D:2      | Slain by a gnoll

Illustrated notes

Levels and vault maps discovered:
D:1:      minmay_arrival_split_and_join, layout_basic, serial_shops,
          nicolae_shop_trees, ebering_ecumenical_altar_sacrificial,
          minmay_liquid_box, serial_bayou_lagoon_a, supply_closet_lemuel,
          serial_bayou_pond_e, serial_bayou_lake_a
D:2:      layout_rooms, grunt_decor_clamped, uniq_natasha

Skill      XL: |  1  2 |
---------------+-------+-----
Stealth        | 1 |  1.2
Fighting       | |  2.6
Polearms       | |  4.8
Throwing       | |  2.0
Dodging        | |  4.3
Spellcasting   | |  0.9

Action                   || total
-------------------------++-------
Melee: Trident           ||    52
 Stab: Sleeping          ||     5
Armor: Leather armour    ||     4
Dodge: Dodged            ||    24
